 Dungeon Crawl Stone Soup version 0.20.1-1-g8b1a95d (webtiles) character file.

101 dohliylev the Sneak (level 4, -13/30 HPs)
             Began as a Vampire Enchanter on July 15, 2017.
             Was an Initiate of Nemelex Xobeh.
             Shot with an arrow by a centaur (15 damage)
             ... on level 3 of the Dungeon.
             The game lasted 00:06:55 (1660 turns).

dohliylev the Sneak (Vampire Enchanter)             Turns: 1660, Time: 00:07:02

Health: -13/30     AC:  4    Str:  7    XL:     4   Next: 48%
Magic:  7/7        EV: 12    Int: 18    God:    Nemelex Xobeh [......]
Gold:   135        SH:  0    Dex: 14    Spells: 1/7 levels left

rFire    + + .     SeeInvis +   a - +2 dagger (venom)
rCold    . . .     Gourm    .   (no shield)
rNeg     + . .     Faith    .   b - +0 robe
rPois    .         Spirit   .   (no helmet)
rElec    .         Reflect  .   o - +0 cloak
rCorr    .         Harm     .   (no gloves)
MR       .....                  c - +0 pair of boots
Stlth    ++++......             (no amulet)
Regen    0.1/turn               e - ring of protection from fire
MPRegen  0.1/turn               q - ring of protection from fire

@: no status effects
A: fangs 3, see invisible, unbreathing
a: Bat Form, Renounce Religion


You were on level 3 of the Dungeon.
You worshipped Nemelex Xobeh.
Nemelex Xobeh was noncommittal.
You were not thirsty.

You visited 1 branch of the dungeon, and saw 3 of its levels.

You collected 135 gold pieces.

Inventory:

Hand Weapons
 a - a +2 dagger of venom (weapon)
Armour
 b - a +0 robe (worn)
 c - a +0 pair of boots (worn)
 o - a +0 cloak (worn)
Jewellery
 e - a ring of protection from fire (left hand)
 q - a ring of protection from fire (right hand)
Scrolls
 g - 3 scrolls of identify {unknown}
 h - 2 scrolls of remove curse {unknown}
 j - 2 scrolls of enchant armour {unknown}
 k - 2 scrolls of blinking {unknown}
 m - 2 scrolls of magic mapping {unknown}
 r - a scroll of enchant weapon {unknown}
Potions
 d - 16 potions of blood
 f - 2 potions of might {unknown}
 i - a potion of ambrosia {unknown}
 l - a potion of lignification {unknown}
 n - a potion of brilliance {unknown}
 p - a potion of flight {unknown}
Miscellaneous
 s - a plain deck of destruction


   Skills:
 + Level 2.2 Short Blades
 - Level 2.2 Dodging
 + Level 7.2 Stealth
 - Level 2.0 Spellcasting
 - Level 4.4 Hexes
 + Level 0.8 Ice Magic


You had one spell level left.
You knew the following spells:

 Your Spells              Type           Power        Failure   Level  Hunger
a - Corona                Hex            ###....      2%          1    #......
b - Ensorcelled Hibernat  Hex/Ice        ##....       9%          2    ###....
c - Confuse               Hex            ###.....     9%          3    ###....


Dungeon Overview and Level Annotations

Branches:
Dungeon (3/15)

Altars:
Ashenzari
Nemelex Xobeh


Innate Abilities, Weirdness & Mutations

You have razor-sharp teeth.
You have supernaturally acute eyesight. (SInv)
You can survive without breathing.


Message History

The helpless worm fails to defend itself.
You impale the worm!!
You kill the worm!
Found an emerald potion.
You see here a worm corpse.
A leopard gecko comes into view.
A centaur comes into view.
A rat comes into view.
The leopard gecko hisses angrily.
The centaur shouts!
The centaur wields a shortbow.
The centaur shoots an arrow.
The arrow hits you!!
Ouch! That really hurt!
You see here an arrow.
The centaur shoots an arrow.
The arrow hits you!
* * * LOW HITPOINT WARNING * * *
The leopard gecko closely misses you.
The centaur shoots an arrow.
The arrow hits you!
Ouch! That really hurt!
You die...
Your body disappears without a glow.

...........##...#
.......######.#.###..#
......# #....^[#..
r...c# ###......###
#....# #........###
#....# #.#.........
#....# #>#......##.
#...l# #.#......#..
#.!@.# #.##.###...#
###.(####.##.# #..##
#....†.^# .# #..#.
####.#..# .. <. #.
#...## # #...# #!...#
#.#.... ..#.....


You could see a centaur, a leopard gecko and a rat.

Vanquished Creatures
  Crazy Yiuf (D:2)
  An adder (D:1)
  An ooze (D:2)
  2 worms
  3 dart slugs
  3 leopard geckos
  3 orcs (D:3)
  5 bats
  A giant cockroach (D:2)
  7 hobgoblins
  A quokka (D:2)
  A ball python (D:2)
  4 frilled lizards
  4 goblins
  3 kobolds
  3 rats
43 creatures vanquished.

Notes
Turn   | Place    | Note
-------+----------+-------------------------------------------
     0 | D:1      | dohliylev the Vampire Enchanter began the quest for the Orb.
     0 | D:1      | Reached XP level 1. HP: 13/13 MP: 3/3
   178 | D:1      | Reached skill level 5 in Stealth
   340 | D:1      | Reached XP level 2. HP: 19/19 MP: 5/5
   941 | D:2      | Found a runed door.
   945 | D:2      | Noticed Crazy Yiuf
   949 | D:2      | Killed Crazy Yiuf
   949 | D:2      | Reached skill level 6 in Stealth
   949 | D:2      | Reached XP level 3. HP: 24/24 MP: 6/6
  1000 | D:2      | Found a shattered altar of Ashenzari.
  1012 | D:2      | Learned a level 2 spell: Ensorcelled Hibernation
  1016 | D:2      | Learned a level 3 spell: Confuse
  1205 | D:1      | Reached XP level 4. HP: 22/30 MP: 0/7
  1321 | D:2      | Found a sparkling altar of Nemelex Xobeh.
  1336 | D:2      | Became a worshipper of Nemelex Xobeh the Trickster
  1401 | D:2      | Reached skill level 7 in Stealth
  1458 | D:2      | Received a gift from Nemelex Xobeh
  1658 | D:3      | Noticed a centaur
  1660 | D:3      | Shot with an arrow by a centaur

Skill      XL: |  1  2  3  4 |
---------------+-------------+-----
Stealth        | 5 6 7 |  7.2
Short Blades   | 2 |  2.2
Dodging        | |  2.2
Spellcasting   | |  2.0
Hexes          | |  4.4
Ice Magic      | |  0.8

Action                   |  1- 3 |  4- 6 || total
-------------------------+-------+-------++-------
Melee: Dagger            |    53 |    35 ||    88
       Bite              |     2 |     2 ||     4
 Cast: Ensorcelled Hiber |     4 |     6 ||    10
 Stab: Sleeping          |     9 |     8 ||    17
  Eat: Corpse            |     2 |     1 ||     3
Armor: Robe              |    13 |     5 ||    18
Dodge: Dodged            |    43 |    21 ||    64
